[Event "*** Titled Tuesday Blitz"]
[Site "Chess.com"]
[Date "2020.04.21"]
[Round "3"]
[White "VerdeNotte"]
[Black "Usurpov"]
[Result "1-0"]
[WhiteElo "2720"]
[BlackElo "2433"]
[TimeControl "180+1"]
[EndTime "10:28:55 PDT"]
[Termination "VerdeNotte won on time"]

1. e4 c5 2. Nc3 e6 3. Nf3 Nc6 4. Bb5 Nge7 5. d4 cxd4 6. Nxd4 a6 7. Be2 Nxd4 8. Qxd4 Qc7 9. Be3 Nc6 10. Qb6 Qb8 11. O-O Be7 12. a4 Bd8 13. Qb3 b6 14. Rad1 Qc7 15.
f4 d6 16. Qa3 Be7 17. Qb3 Rb8 18. Qc4 Bd7 19. Nd5 exd5 20. exd5 O-O 21. dxc6 Qxc6 22.
b3 Qxc4 23. Bxc4 b5 24. axb5 axb5 25. Bd5 Rfc8 26. Rd2 Be6 27. Ba7 Bxd5 28. Bxb8 Bxg2 29. Kxg2 Rxb8 30. Ra1 g6 31. Ra7 Bf8 32. Kf3 Kg7 33. Ke4 Rc8 34. Rb7 Rc5 35. h3 Kf6 36. b4 Rc4+ 37. Rd4 Rxc2 38. Rxb5 Rh2 39. Rb8 Be7 40.
Kd5 Rxh3 41. b5 Rb3 42. b6 Rb5+ 43. Kc6 Rc5+ 44. Kd7 Rc1 45. Re8 1-0

[Event "*** Titled Tuesday Blitz"]
[Site "Chess.com"]
[Date "2020.04.21"]
[Round "3"]
[White "Lagmantr"]
[Black "Diego_FloresQ"]
[Result "1-0"]
[WhiteElo "2721"]
[BlackElo "2434"]
[TimeControl "180+1"]
[EndTime "10:28:55 PDT"]
[Termination "Lagmantr won by resignation"]

1. e4 c5 2. Nf3 e6 3. d4 cxd4 4.
Nxd4 Nf6 5. Nc3 d6 6. Be2 Be7 7. Be3 O-O 8. O-O a6 9. Qd2 Qc7 10. Rad1 b5 11. a3 Bb7 12. f3 Nbd7 13. Kh1 Rac8 14. Nb3 d5 15. exd5 Nxd5 16. Bd4 Bf6 17. Ne4 Bxd4 18. Nxd4 e5 19. Nf5 Nc5 20. Qg5 Ne6 21. Qh4 Rcd8 22. Bd3 g6 23. Nfg3 f5 24. Ng5 Nxg5 25. Qxg5 Qe7 26. Qc1 Nf4 27. Rfe1 Qf6 28. Bf1 Rfe8 29. Rxd8 Rxd8 30. c4 bxc4 31. Qxc4+ Kg7 32.
Qc7+ Kh6 33. Qxb7 Rd2 34. Qb4 Rc2 35. Qb3 Qc6 36. Qe3 Rxb2 37. Qxe5 Qa4 38. Qxb2 1-0

[Event "*** Titled Tuesday Blitz"]
[Site "Chess.com"]
[Date "2020.04.21"]
[Round "3"]
[White "Baby_Legs"]
[Black "Indianlad"]
[Result "1-0"]
[WhiteElo "2706"]
[BlackElo "2980"]
[TimeControl "180+1"]
[EndTime "10:28:56 PDT"]
[Termination "Baby_Legs won by resignation"]

1. d4 Nf6 2. c4 g6 3. Nc3 d5 4. Nf3 Bg7 5. Bf4 c6 6. e3 O-O 7. Be2 Be6 8. c5 Bg4 9. Qb3 Bxf3 10. Bxf3 Qc8 11. O-O Nbd7 12. Rac1 Re8 13. Bg3 e5 14. Rfd1 h5 15. h3 Nh7 16. Nxd5 e4 17.
Be2 cxd5 18. Qxd5 Ndf6 19. Qb3 Ng5 20. h4 Ne6 21. d5 Nxc5 22. Qa3 b6 23. b4 Nfd7 24.
bxc5 Nxc5 25. Bb5 Rd8 26. Bc6 Nd3 27. Rxd3 exd3 28. Qxd3 Bf8 29. Rc2 Qg4 30. Bxa8 Rxa8 31. d6 Rd8 32. Rd2 Rd7 33. Qd5 Qb4 34. Kh2 a5 35. f3 b5 36. e4 a4 37. e5 Kh7 38. Rd3 Bg7 39. e6 fxe6 40. Qxe6 Rd8 41. d7 Qb1 42. Rd6 Qf5 43. Qxf5 gxf5 44. Rd5 Bf6 45.
Bc7 Ra8 46. Rxb5 Bd8 47. Bxd8 Rxd8 48. Rd5 Kg6 49. Kg3 Kf6 50. Kf4 1-0

[Event "*** Titled Tuesday Blitz"]
[Site "Chess.com"]
[Date "2020.04.21"]
[Round "3"]
[White "RaunakSadhwani2005"]
[Black "DrBergerBerger"]
[Result "1-0"]
[WhiteElo "2773"]
[BlackElo "2448"]
[TimeControl "180+1"]
[EndTime "10:28:56 PDT"]
[Termination "RaunakSadhwani2005 won on time"]

1. e4 e6 2. d4 d5 3. Nc3 Nf6 4. e5 Nfd7 5. f4 c5 6. Nf3 Nc6 7. Be3 Be7 8. Qd2 O-O 9. Be2 a6 10. O-O b5 11. Nd1 Qb6 12. c3 a5 13. Nf2 b4 14. g4 a4 15. cxb4 cxd4 16. Nxd4 Bxb4 17. Nxc6 Bxd2 18. Ne7+ Kh8 19. Bxb6 Nxb6 20. f5 exf5 21. gxf5 Bd7 22. f6 Be3 23. Kh1 d4 24. Ne4 Rae8 25.
Nd6 Rd8 26. fxg7+ Kxg7 27. Bd3 Be6 28. Rf3 Nd5 29. Nef5+ Kh8 30. Nxe3 Nxe3 31. Be4 Rg8 32. Nxf7+ Bxf7 33. Rxf7 Rg7 34. Rf4 Rdg8 35. e6 Re8 36.
Bf3 Rxe6 37. Rxd4 1-0

[Event "*** Titled Tuesday Blitz"]
[Site "Chess.com"]
[Date "2020.04.21"]
[Round "3"]
[White "Quattroporte300"]
[Black "Noghay"]
[Result "0-1"]
[WhiteElo "2274"]
[BlackElo "2590"]
[TimeControl "180+1"]
[EndTime "10:28:56 PDT"]
[Termination "Noghay won by resignation"]

1. e4 c6 2. d4 d5 3. Nc3 dxe4 4. Nxe4 Nd7 5. c3 Ngf6 6. Nxf6+ Nxf6 7. Bc4 g6 8. Nf3 Bg7 9. O-O O-O 10. h3 Nd5 11.
Re1 b6 12. Bb3 Bb7 13. Bg5 h6 14. Bxd5 hxg5 15. Bb3 e6 16. Qd2 Bf6 17. Rad1 Kg7 18.
Nh2 Rc8 19. Ng4 Be7 20. Qe3 Qd6 21. h4 Rh8 22. hxg5 Rh4 23. f3 Rch8 24. Qe5+ Qxe5 25. dxe5 Bc5+ 26. Kf1 Ba6+ 27. c4 b5 28. Rc1 Rd8 29.
Ke2 Rd4 30. Red1 bxc4 31. Rxd4 cxb3+ 32. Rdc4 bxa2 33. b3 Bd4 34. Kd2 Bxc4 35. bxc4 a1=Q 0-1

[Event "*** Titled Tuesday Blitz"]
[Site "Chess.com"]
[Date "2020.04.21"]
[Round "3"]
[White "jerry_77"]
[Black "crossingthestreet"]
[Result "0-1"]
[WhiteElo "2476"]
[BlackElo "2264"]
[TimeControl "180+1"]
[EndTime "10:28:56 PDT"]
[Termination "crossingthestreet won by resignation"]

1. e4 e6 2. Nf3 d5 3. Nc3 Nf6 4. e5 Nfd7 5. d4 c5 6. Ne2 Nc6 7.
c3 Qb6 8. a3 f6 9. Nf4 fxe5 10.
Nxe6 Nxd4 11. Nexd4 cxd4 12. cxd4 e4 13. Ng5 Nf6 14. Be2 Bd6 15. Nh3 Bxh3 16. gxh3 O-O 17. Qa4 Rac8 18. Qb5 Qc7 19. Bg5 a6 20. Qb3 Qf7 21.
Bxf6 Qxf6 22. Qxd5+ Kh8 23. Rf1 Rc2 24. Qb3 Rfc8 25.
Rd1 Bc7 26. Qb4 Qf5 27. Bg4 Qg5 28. Bxc8 Ba5 29. Qxa5 Qxa5+ 30. b4 Qxa3 31. Rg1 Rxc8 32. d5 Qxb4+ 33. Kf1 Rd8 34. Rg3 Qc4+ 35. Kg1 Rxd5 36. Re1 b5 37. Rge3 Rd4 38. Ra3 b4 39. Raa1 h6 40. Rec1 Qd5 41. Rcb1 b3 42. Rxa6 Rd1+ 0-1

[Event "*** Titled Tuesday Blitz"]
[Site "Chess.com"]
[Date "2020.04.21"]
[Round "3"]
[White "2165149677570"]
[Black "Squirlolz"]
[Result "1-0"]
[WhiteElo "2337"]
[BlackElo "2551"]
[TimeControl "180+1"]
[EndTime "10:28:57 PDT"]
[Termination "2165149677570 won on time"]

1. e4 e6 2. d4 d5 3. Nd2 c5 4. exd5 Qxd5 5. Ngf3 cxd4 6. Bc4 Qd7 7. O-O Nc6 8. Nb3 a6 9. Nbxd4 Nxd4 10. Qxd4 Qxd4 11. Nxd4 Bd7 12. Bf4 Rc8 13. Bb3 Nf6 14. Rfe1 Bc5 15.
Nf5 O-O 16. Nd6 Nh5 17. Be5 Bxd6 18. Bxd6 Rfd8 19. Be7 Re8 20. Bb4 Bc6 21. Rad1 Nf6 22. Ba5 Bd5 23. Bxd5 Nxd5 24. b3 b6 25. c4 bxa5 26.
cxd5 exd5 27. Rxe8+ Rxe8 28. Kf1 Rd8 29. Rd4 f6 30. Ra4 Kf7 31. Ke2 Rd6 32. Rxa5 Ke6 33. Kd3 Rc6 34. Kd2 Ke5 35. Ra4 d4 36. Kd3 Rc3+ 37. Kd2 Rc6 38. f3 g5 39. Ra5+ Kf4 40. Rd5 Rb6 41. Rxd4+ Ke5 42. Rc4 h5 43. Re4+ Kd5 44.
Re8 h4 45. g3 hxg3 46. hxg3 a5 47. Ra8 Rb5 48. Kd3 Ke5 49. Kc4 Rb4+ 50. Kc3 Rb5 51.
a3 Kf5 52. Rd8 g4 53. Rd3 gxf3 54. Rxf3+ Kg4 55. Rxf6 Kxg3 56. Kc4 Rb8 57. Ra6 Rc8+ 58. Kb5 Rb8+ 59. Ka4 Kf3 60. Rxa5 Ke3 61. Rc5 Kf3 62.
b4 Ke4 63. Rc1 Kd4 64. b5 Ra8+ 65. Kb4 Rb8 66. a4 Kd5 67. a5 Kd6 68. a6 Rf8 69. b6 Rf2 70. a7 Rb2+ 71. Ka3 Ra2+ 72. Kxa2 1-0

[Event "*** Titled Tuesday Blitz"]
[Site "Chess.com"]
[Date "2020.04.21"]
[Round "3"]
[White "ChessicallyInclined"]
[Black "mamey78"]
[Result "1-0"]
[WhiteElo "2609"]
[BlackElo "2397"]
[TimeControl "180+1"]
[EndTime "10:28:58 PDT"]
[Termination "ChessicallyInclined won on time"]

1. d4 d5 2. c4 c6 3. Nf3 Nf6 4. e3 e6 5. Nc3 Nbd7 6. Bd2 Bd6 7. Bd3 O-O 8. O-O dxc4 9. Bxc4 b5 10. Bd3 Bb7 11. Rc1 e5 12. dxe5 Nxe5 13. Nxe5 Bxe5 14.
Qe2 Re8 15. Rfd1 Qe7 16. Bb1 Rac8 17. Be1 b4 18. Na4 c5 19. b3 Bb8 20. f3 Nd5 21.
e4 Nf4 22. Qf1 Qg5 23. Kh1 h5 24. Qf2 a5 25. Rd2 Ba6 26. Nb6 Rcd8 27. Nc4 Ne6 28.
Rxd8 Rxd8 29. Bd2 Qf6 30. Be3 Bf4 31. Nxa5 Qg5 32. Bxf4 Qxf4 33. Rg1 Rd2 34. Qg3 Qe3 35. h4 Be2 36. e5 Nf4 37. Be4 Bd3 38. Bxd3 Nxd3 39.
Nc4 1-0

[Event "*** Titled Tuesday Blitz"]
[Site "Chess.com"]
[Date "2020.04.21"]
[Round "3"]
[White "Bubar"]
[Black "RATNAKARAN"]
[Result "0-1"]
[WhiteElo "2335"]
[BlackElo "2570"]
[TimeControl "180+1"]
[EndTime "10:28:58 PDT"]
[Termination "RATNAKARAN won by resignation"]

1. d4 Nf6 2. Nf3 g6 3. c4 Bg7 4. Nc3 O-O 5. Bg5 d6 6. e3 Nbd7 7. Be2 e5 8. O-O Re8 9. Qc2 h6 10. Bh4 g5 11. Bg3 Nh5 12. Rad1 Nxg3 13. hxg3 c6 14.
dxe5 dxe5 15. Bd3 Qe7 16. Bf5 Nc5 17. Bxc8 Raxc8 18. Ne4 Nxe4 19. Qxe4 Qe6 20. g4 Rcd8 21.
b3 Bf6 22. Rfe1 Kg7 23. Nh2 Be7 24. Nf1 Bb4 25. Rxd8 Rxd8 26. Rb1 h5 27. Ng3 hxg4 28. Nf5+ Kf6 29. Nh6 Ke7 30. Nf5+ Kf8 31. Qxg4 Qg6 32.
Qe4 Bc3 33. g4 Rd2 34. Kg2 Qh7 35. Qf3 Ke8 36. Rh1 Qg8 37. Qe4 Kd7 38. Rh6 Kc7 39. Rf6 a5 40. c5 Kb8 41. Nd6 Ka7 42. Rxf7 Rxd6 43. Qc4 Rd5 44. Rf5 Bb4 45. Rxe5 Qd8 46.
Re4 Rxc5 47. Qe2 Qd5 48. Qf3 Rc2 49. a3 Be1 50. Kh1 Rxf2 0-1

[Event "*** Titled Tuesday Blitz"]
[Site "Chess.com"]
[Date "2020.04.21"]
[Round "3"]
[White "Witik"]
[Black "JozefKneht"]
[Result "1-0"]
[WhiteElo "2705"]
[BlackElo "2434"]
[TimeControl "180+1"]
[EndTime "10:28:59 PDT"]
[Termination "Witik won by resignation"]

1. d4 d5 2. c4 e6 3. Nf3 Nf6 4. Nc3 Be7 5. Bf4 O-O 6. e3 c5 7. dxc5 Nc6 8. a3 Ne4 9. Qc2 Qa5 10. cxd5 exd5 11. Bd3 Nxc3 12. bxc3 h6 13. O-O Qxc5 14. c4 d4 15. Rfe1 Bf6 16. Rad1 Bg4 17. h3 Bxf3 18. gxf3 Qxa3 19. Kh1 dxe3 20. fxe3 Kh8 21. Qf2 Rad8 22. Be4 Rxd1 23. Rxd1 Rd8 24. Bd5 Qe7 25. Rg1 Ne5 26. Qg3 b6 27. e4 Ng6 28. Be3 Bh4 29. Qg4 Bf6 30. Qh5 Kh7 31. f4 Bc3 32. e5 Bb4 33. f5 Nxe5 34. Rxg7+ Kxg7 35. Bxh6+ Kg8 36. Bg5 Qf8 37. Bf6 Qg7 38. Bxg7 Kxg7 39. Qg5+ Kh7 40. Qxd8 1-0

[Event "*** Titled Tuesday Blitz"]
[Site "Chess.com"]
[Date "2020.04.21"]
[Round "3"]
[White "gahryman"]
[Black "eightbyeightchess"]
[Result "0-1"]
[WhiteElo "2676"]
[BlackElo "2448"]
[TimeControl "180+1"]
[EndTime "10:28:59 PDT"]
[Termination "eightbyeightchess won by resignation"]

1. e4 e6 2. d3 d5 3. Nd2 b6 4. Ngf3 Bb7 5. c3 c5 6. Be2 Ne7 7. O-O Ng6 8. Re1 Bd6 9. Bf1 O-O 10. e5 Bc7 11. g3 Nd7 12. d4 f6 13. exf6 Qxf6 14. Bh3 Rae8 15. Qe2 Kh8 16. b3 Nb8 17. Ba3 e5 18. dxc5 bxc5 19. Bxc5 Rf7 20. c4 d4 21. Bxd4 Bxf3 22. Nxf3 Qxf3 23. Qxf3 Rxf3 24. Bxa7 Rff8 25. Be3 Rd8 26. Bg2 h6 27. Red1 Na6 28. a3 Bb8 29. b4 Nc7 30. b5 Ne6 31. Bd5 Nd4 32. Bxd4 exd4 33. a4 Ba7 34. a5 Bc5 35. a6 d3 36. Ra2 Rxf2 37. Rxf2 Rf8 38. Rxd3 Rxf2 39.
Kh1 Ne5 40. a7 Bxa7 41. Ra3 Bc5 42. Be4 Bxa3 0-1

[Event "*** Titled Tuesday Blitz"]
[Site "Chess.com"]
[Date "2020.04.21"]
[Round "3"]
[White "Joshukid"]
[Black "Chichin_chao"]
[Result "0-1"]
[WhiteElo "2561"]
[BlackElo "2365"]
[TimeControl "180+1"]
[EndTime "10:28:59 PDT"]
[Termination "Chichin_chao won by resignation"]

1. Nf3 Nf6 2. c4 d6 3. d4 Nbd7 4. Nc3 e5 5. g3 Be7 6. Bg2 O-O 7. O-O Re8 8. e4 exd4 9. Nxd4 Bf8 10. Qc2 a5 11. Bf4 Nc5 12. Rad1 Nfd7 13. Rfe1 Ne5 14. b3 Ne6 15. Nxe6 Rxe6 16. Be3 Re8 17. h3 Nd7 18. f4 c6 19. Qf2 Qc7 20. g4 Qb8 21. g5 b5 22. cxb5 cxb5 23. Bd4 b4 24. Nd5 Bb7 25. Qh4 Bxd5 26. exd5 Qb5 27. Be4 g6 28. Bd3 Qxd5 29. Bc4 Qf5 30. Ba1 Rxe1+ 31. Qxe1 Qxf4 32. h4 Ne5 33. Bd5 Re8 34. Qf2 Qg4+ 35.
Kh2 Qxd1 36. Bxe5 Qxd5 0-1

[Event "*** Titled Tuesday Blitz"]
[Site "Chess.com"]
[Date "2020.04.21"]
[Round "3"]
[White "Berant"]
[Black "canary2016"]
[Result "1-0"]
[WhiteElo "2375"]
[BlackElo "1850"]
[TimeControl "180+1"]
[EndTime "10:29:00 PDT"]
[Termination "Berant won by resignation"]

1. e4 c6 2. d4 d5 3. Nd2 dxe4 4. Nxe4 Nf6 5. Ng3 Nbd7 6. Bd3 e5 7. Qe2 Be7 8. dxe5 Qa5+ 9. Bd2 Qxe5 10. Nf5 Qxe2+ 11. Nxe2 g6 12. Nxe7 Kxe7 13. O-O-O Re8 14. Rhe1 Kf8 15. Nc3 Ne5 16. Bf1 Bf5 17. Bg5 Kg7 18. Bf4 Neg4 19. f3 Nh6 20. g4 Nhxg4 21. fxg4 Bxg4 22. Be2 Bf5 23. Bc4 b5 24. Bb3 a5 25. a4 b4 26. Ne2 Bg4 27. h3 Bxe2 28. Rd6 Bf3 29.
Rf1 Bd5 30. Bxd5 Nxd5 31. Rxc6 Nxf4 32. Rxf4 Re7 33. Rc5 Rd7 34. b3 Ra6 35. Rfc4 Kf6 36. Rc6+ Rxc6 37. Rxc6+ Ke7 38. Rc5 Ra7 39. c3 Kf6 40.
Kc2 h6 41. cxb4 axb4 42. Rb5 Rc7+ 43. Kb2 Re7 44. Rxb4 Re2+ 45. Ka3 Re3 46. a5 Re6 47. Ra4 Ra6 48. b4 g5 49. b5 Ra8 50. b6 h5 51.
b7 Rb8 52. a6 Rd8 53. a7 Rd3+ 54. Kb2 Rd2+ 55. Kc1 Rd3 56. b8=Q Rxh3 57. a8=Q Kg6 58. Qd6+ f6 59. Qg8+ 1-0

[Event "*** Titled Tuesday Blitz"]
[Site "Chess.com"]
[Date "2020.04.21"]
[Round "3"]
[White "axvesik"]
[Black "northridgehawk"]
[Result "1-0"]
[WhiteElo "2457"]
[BlackElo "2222"]
[TimeControl "180+1"]
[EndTime "10:29:00 PDT"]
[Termination "axvesik won on time"]

1. e4 e5 2. Nf3 Nc6 3. Bc4 Nf6 4. d3 Bc5 5. O-O d6 6. c3 a6 7. Bb3 Ba7 8. Nbd2 h6 9. Re1 g5 10. Nf1 g4 11. N3d2 Nh5 12. Nc4 Nf4 13. Be3 h5 14.
Bxa7 Rxa7 15. d4 Qf6 16. Nce3 Rg8 17. Nd5 Qg5 18. Nxc7+ Kf8 19. dxe5 Qxe5 20. Qd2 h4 21. Rad1 Rg6 22. Nd5 Nh3+ 23. gxh3 gxh3+ 24. Ng3 hxg3 25. fxg3 Rxg3+ 26. hxg3 Qxg3+ 27. Kh1 Bg4 28. Qh6+ Ke8 29.
Nf6+ Ke7 30. Ng8+ Kd7 31. Rxd6+ Qxd6 32. Nf6+ Kc7 33. Nxg4 Qg3 34. Qd2 Qxg4 35. Qh2+ Kb6 36. Bxf7 Ra8 37. Qg1+ Qxg1+ 38. Kxg1 Rf8 39. Bd5 Ne5 40. Rf1 1-0

[Event "*** Titled Tuesday Blitz"]
[Site "Chess.com"]
[Date "2020.04.21"]
[Round "3"]
[White "Andrii_Prydun"]
[Black "mshuaau0"]
[Result "1-0"]
[WhiteElo "2349"]
[BlackElo "2108"]
[TimeControl "180+1"]
[EndTime "10:29:00 PDT"]
[Termination "Andrii_Prydun won by checkmate"]

1. d4 d5 2. Nc3 Nf6 3. Bf4 e6 4. e3 Bd6 5. Bg3 O-O 6. Bd3 c5 7. dxc5 Bxc5 8. Nf3 Nc6 9. O-O Bd6 10. e4 Bxg3 11. hxg3 dxe4 12. Nxe4 Nxe4 13. Bxe4 Qc7 14.
Qd3 g6 15. Qc3 Bd7 16. Rad1 Rac8 17. Rd2 f5 18. Rfd1 Rfd8 19. Bd3 e5 20. Bc4+ Kh8 21.
Ng5 Nb8 22. Nf7+ Kg7 23. Nxe5 Kh6 24. Rxd7 Nxd7 25. Rxd7 Rxd7 26. Qe3+ Kg7 27. Nxd7 Qxd7 28. Qe5+ Kh6 29. Qe3+ Kg7 30. Qe2 Re8 31. Qf1 Qd4 32. Kh2 Qxb2 33. Bb3 Qd4 34. Qb5 Re7 35. f3 Qe5 36.
Qc4 h5 37. Qg8+ Kf6 38. Qf8+ Kg5 39. f4+ Qxf4 40. gxf4+ Kg4 41. Qxe7 h4 42. Qg5# 1-0

[Event "*** Titled Tuesday Blitz"]
[Site "Chess.com"]
[Date "2020.04.21"]
[Round "3"]
[White "ChessQueen"]
[Black "DraskovicL"]
[Result "0-1"]
[WhiteElo "2752"]
[BlackElo "2566"]
[TimeControl "180+1"]
[EndTime "10:29:01 PDT"]
[Termination "DraskovicL won by resignation"]

1. Nf3 Nf6 2. g3 g6 3. Bg2 Bg7 4. O-O O-O 5. d4 d6 6. c4 Nc6 7. Nc3 Bg4 8. d5 Na5 9. Nd2 c5 10. h3 Bd7 11. e4 a6 12. f4 b5 13. e5 Ne8 14. Qe2 bxc4 15. Re1 Bf5 16. Nxc4 Nxc4 17.
Qxc4 Nc7 18. b3 Rb8 19. Bb2 Nb5 20. Rad1 Nd4 21. Ne4 Bxe4 22. Rxe4 a5 23. Bxd4 Rb4 24. Qe2 cxd4 25. Rdxd4 Qb6 26. Qe3 Rxd4 27. Rxd4 Rc8 28. Rd3 Qb4 29. Rd1 Rc2 30. Rd4 Qc5 31. Rd3 Qb4 32. Rd4 Qa3 33. exd6 Bxd4 34. Qxd4 exd6 35. Qe4 Qc1+ 36. Kh2 Qd2 37. h4 Rxa2 38. h5 gxh5 39. Kh3 Qd1 40. Qe8+ Kg7 41. Qc8 Qg4+ 42. Qxg4+ hxg4+ 0-1

[Event "*** Titled Tuesday Blitz"]
[Site "Chess.com"]
[Date "2020.04.21"]
[Round "3"]
[White "SPEEDSKATER"]
[Black "SCIM"]
[Result "1-0"]
[WhiteElo "2783"]
[BlackElo "2538"]
[TimeControl "180+1"]
[EndTime "10:29:01 PDT"]
[Termination "SPEEDSKATER won by resignation"]

1. d4 Nf6 2. c4 g6 3. Nc3 d5 4. Nf3 Bg7 5. Qb3 dxc4 6. Qxc4 O-O 7. e4 a6 8. Be2 b5 9. Qb3 c5 10. dxc5 Be6 11. Qc2 Nbd7 12. Be3 Rc8 13. Rd1 Qa5 14. a3 b4 15. axb4 Qxb4 16. Nd4 Nxc5 17. Nxe6 Nxe6 18. O-O Nxe4 19. Qxe4 Qxb2 20. Nd5 Qxe2 21. Nxe7+ Kh8 22. Nxc8 Rxc8 23. Qb7 Rf8 24. Rd7 Kg8 25. h3 h5 26.
Rd6 a5 27. Qa6 Qa2 28. Rd2 Qa3 29. Qc4 Rb8 30. Ra2 Qb4 31. Qa6 Bc3 32. Rc1 Qb3 33.
Rac2 Be5 34. Qxa5 Rb5 35. Rc8+ Kg7 36. Qd2 Qa4 37. Qc2 Qxc2 38. R8xc2 Rb3 39. h4 Rb5 40. g3 Bf6 41. Kg2 Rb3 42. Rc6 Rb5 43. Rd1 Rf5 44. Rd7 Nd8 45. Ra6 Re5 46. Rxf6 Kxf6 47.
Rxd8 1-0

[Event "*** Titled Tuesday Blitz"]
[Site "Chess.com"]
[Date "2020.04.21"]
[Round "3"]
[White "Kouzari"]
[Black "TastyFrenchFries"]
[Result "1-0"]
[WhiteElo "2591"]
[BlackElo "2373"]
[TimeControl "180+1"]
[EndTime "10:29:01 PDT"]
[Termination "Kouzari won by resignation"]

1. d4 e6 2. c4 Nf6 3. Nc3 c5 4. d5 exd5 5. cxd5 Bd6 6. g3 O-O 7. Bg2 Re8 8. Nf3 a6 9. a4 Bc7 10. d6 Ba5 11. O-O Nc6 12. Bg5 h6 13. Bh4 Bxc3 14.
bxc3 Qa5 15. Bxf6 gxf6 16. Qd2 Kg7 17. Nh4 Re5 18. Bxc6 bxc6 19. Qf4 Qxc3 20. Nf5+ Rxf5 21. Qxf5 Qd2 22. Qxc5 Qxe2 23. Rfe1 Qg4 24. Re8 Rb8 25. Qe3 a5 26. Qe7 Qd4 27. Rf1 Ba6 28. Qf8+ Kg6 29. Qg8+ Kf5 30. Qh7+ Kg5 31. Qg7+ Kf5 32. Rxb8 Bxf1 33.
Kxf1 Qd1+ 34. Kg2 Qd5+ 35. Kh3 Qf3 36. Qh7+ Ke6 37. Re8+ Kxd6 38. Qxh6 Qf5+ 39. Kg2 Qe4+ 40. Rxe4 1-0

[Event "*** Titled Tuesday Blitz"]
[Site "Chess.com"]
[Date "2020.04.21"]
[Round "3"]
[White "HanSchut"]
[Black "Shuvalov"]
[Result "1-0"]
[WhiteElo "2263"]
[BlackElo "2460"]
[TimeControl "180+1"]
[EndTime "10:29:01 PDT"]
[Termination "HanSchut won on time"]

1. e4 e6 2. d4 d5 3. Nd2 Nf6 4. e5 Nfd7 5. f4 c5 6. c3 Nc6 7.
Ndf3 Qb6 8. a3 a5 9. b3 Qc7 10.
Be3 b6 11. Bd3 Ba6 12. Bc2 Be7 13. Ne2 a4 14. b4 Bxe2 15. Qxe2 c4 16. f5 b5 17.
fxe6 fxe6 18. Ng5 Bxg5 19. Qh5+ Kf8 20. Bxg5 Kg8 21. O-O Ndxe5 22. dxe5 Nxe5 23. Rae1 h6 24. Bf4 Qb6+ 25. Kh1 Nd3 26. Be5 Nf2+ 27. Rxf2 Qxf2 28. Rc1 Rf8 29. h3 Qd2 30. Qd1 Qg5 31. Qe1 Rf2 32.
Qg1 Rxc2 33. Rxc2 Qxe5 34. Rf2 Kh7 35. Qb1+ Qe4 36. Qf1 Re8 37. Re2 Qd3 38. Qe1 1-0

[Event "*** Titled Tuesday Blitz"]
[Site "Chess.com"]
[Date "2020.04.21"]
[Round "3"]
[White "eldidi20"]
[Black "keepitcool9499"]
[Result "1-0"]
[WhiteElo "2161"]
[BlackElo "2396"]
[TimeControl "180+1"]
[EndTime "10:29:01 PDT"]
[Termination "eldidi20 won by checkmate"]

1. e4 e6 2. d4 d5 3. Nc3 Nf6 4. e5 Nfd7 5. f4 c5 6. Nf3 Nc6 7. Be3 a6 8. Qd2 b5 9. dxc5 Bxc5 10. Bxc5 Nxc5 11. Qf2 Qe7 12. Bd3 Nxd3+ 13. cxd3 b4 14. Ne2 a5 15. Ned4 Nxd4 16. Nxd4 Ba6 17. Rd1 Rc8 18. O-O O-O 19. Kh1 f6 20. Qe3 f5 21.
Rg1 Kh8 22. g4 fxg4 23. Rxg4 Bb7 24. Rdg1 g6 25. Qh3 Rf5 26. Rxg6 Rxf4 27. Rg7 Qh4 28. Qxh4 Rxh4 29. Nxe6 d4+ 30. Rxb7 h5 31. Rc7 Re8 32. Ng5 Rf8 33. Ne4 Rf3 34. e6 Rfh3 35. Rg2 Re3 36. e7 Re1+ 37. Rg1 Rhxe4 38. dxe4 Rxe4 39. Rf1 d3 40. Rf8+ Kg7 41. e8=Q+ Kh6 42. Rc6+ Kg5 43. Qxe4 d2 44. Rg6# 1-0

[Event "*** Titled Tuesday Blitz"]
[Site "Chess.com"]
[Date "2020.04.21"]
[Round "3"]
[White "BakaPG"]
[Black "FairChess_on_YouTube"]
[Result "1/2-1/2"]
[WhiteElo "2710"]
[BlackElo "3038"]
[TimeControl "180+1"]
[EndTime "10:29:02 PDT"]
[Termination "Game drawn by repetition"]

1. e4 c5 2. c3 Nf6 3. e5 Nd5 4. d4 cxd4 5. Nf3 e6 6. cxd4 b6 7. Nc3 Bb7 8. Bd3 Na6 9. O-O Nab4 10. Bb1 Nxc3 11. bxc3 Nd5 12. Bd2 Rc8 13. Qb3 Ba6 14.
Rc1 Bc4 15. Qc2 Ba3 16. Re1 h6 17. Re4 Qc7 18. Rg4 Bf8 19. Rg3 b5 20. a3 Be2 21.
Ne1 d6 22. Qe4 Bc4 23. Bd3 dxe5 24. Bxc4 Qxc4 25. Qxe5 Qc7 26. Qe2 Qc4 27. Qe5 a6 28. h4 Qc7 29. Qe2 g6 30. Nd3 Bd6 31. Rf3 h5 32. g3 Qc6 33. a4 O-O 34. axb5 axb5 35. Ne5 Bxe5 36. Qxe5 Ra8 37. Rc1 f6 38. Qe4 Kf7 39. Bg5 f5 40. Qe5 Ra2 41. Re1 Rfa8 42. Kh2 Ra1 43. Rxa1 Rxa1 44. Qh8 Nc7 45. Qh7+ Kf8 46. Qh8+ Kf7 47. Qh7+ Kf8 48. Qh8+ Kf7 1/2-1/2

[Event "*** Titled Tuesday Blitz"]
[Site "Chess.com"]
[Date "2020.04.21"]
[Round "3"]
[White "1977Ivan"]
[Black "GadimbayliA"]
[Result "1-0"]
[WhiteElo "2695"]
[BlackElo "2925"]
[TimeControl "180+1"]
[EndTime "10:29:02 PDT"]
[Termination "1977Ivan won on time"]

1. e4 e5 2. Nf3 d5 3. exd5 e4 4. Qe2 Nf6 5. d3 Bb4+ 6. c3 O-O 7. dxe4 Bd6 8. Nbd2 Re8 9. Nd4 Nxd5 10. g3 b6 11. Bg2 Ba6 12. Nc4 Bc5 13. O-O Nxc3 14. bxc3 Bxd4 15. cxd4 Qxd4 16. Bb2 Qxc4 17. Qg4 f6 18.
Rfc1 Qf7 19. e5 c6 20. exf6 g6 21. h4 Bb7 22. Rd1 Bc8 23. Qg5 Bf5 24. g4 Be6 25. h5 Nd7 26. Rd6 Nc5 27. Rad1 Rac8 28.
hxg6 Qxg6 29. f7+ Kxf7 30. Qf4+ Kg8 31. Qe5 Qxg4 32. Qh8+ Kf7 33. Qxh7+ Kf8 34. Qh6+ Kf7 35. Qf6+ Kg8 36. Qh8+ Kf7 37. Qh7+ Kf8 38. R1d4 Qf5 39. Rf4 1-0

[Event "*** Titled Tuesday Blitz"]
[Site "Chess.com"]
[Date "2020.04.21"]
[Round "3"]
[White "Mikhail_Golubev"]
[Black "nekotyanof"]
[Result "1-0"]
[WhiteElo "2533"]
[BlackElo "2258"]
[TimeControl "180+1"]
[EndTime "10:29:02 PDT"]
[Termination "Mikhail_Golubev won on time"]

1. e4 c5 2. Nf3 Nc6 3. Nc3 Nf6 4. Bb5 g6 5. e5 Ng4 6. Bxc6 bxc6 7. h3 Nh6 8. O-O Bg7 9. Re1 O-O 10. d4 cxd4 11. Nxd4 Bb7 12. Nb3 d6 13. exd6 exd6 14. Bf4 d5 15. Be5 f6 16. Bd4 Nf5 17. Bc5 Rf7 18.
Qe2 Qc7 19. Rad1 a5 20. Na4 Ba6 21. Qe6 Bb5 22. Nc3 Bc4 23. Na4 Rb8 24. g4 Nh4 25. Bd6 Qd8 26. Bxb8 Nf3+ 27. Kg2 Nxe1+ 28. Rxe1 Qxb8 29.
Qxc6 Bf8 30. Nac5 Rc7 31. Qe6+ Rf7 32. Nd7 Qd8 33. Nbc5 Kg7 34. Nxf8 Qxf8 35. Qc6 Qd8 36. Re8 Qc7 37. Ne6+ Kh6 38. Nxc7 1-0

[Event "*** Titled Tuesday Blitz"]
[Site "Chess.com"]
[Date "2020.04.21"]
[Round "3"]
[White "nabukatnezarr"]
[Black "pomeraniandog"]
[Result "1-0"]
[WhiteElo "2481"]
[BlackElo "1770"]
[TimeControl "180+1"]
[EndTime "10:29:02 PDT"]
[Termination "nabukatnezarr won on time"]

1. d4 f5 2. c4 Nf6 3. Nc3 g6 4. h4 d6 5. h5 Nxh5 6. Rxh5 gxh5 7. e4 Bg7 8. Qxh5+ Kf8 9. Bh6 Rg8 10. exf5 Qe8 11. Bxg7+ Rxg7 12. Qf3 Qf7 13. Bd3 e6 14. O-O-O exf5 15. Nge2 Nc6 16. Bc2 Bd7 17. Nd5 Be6 18. Nef4 Re8 19. Kb1 Bc8 20. b4 a5 21. b5 Nb4 22.
Nxb4 axb4 23. Bb3 c6 24. g3 c5 25. Bc2 Qxc4 26. Bb3 Qc3 27. Qd5 Re1 28. Qxd6+ Ke8 29. Rxe1+ Qxe1+ 30. Kc2 Qc3+ 31. Kd1 Qxd4+ 32. Qxd4 cxd4 33.
Nd3 Re7 34. Nxb4 b6 35. Nd5 Rb7 36. Nf6+ Kf8 37. Nd5 Bd7 38. Nb4 1-0

[Event "*** Titled Tuesday Blitz"]
[Site "Chess.com"]
[Date "2020.04.21"]
[Round "3"]
[White "quesfr"]
[Black "Nafania1"]
[Result "1-0"]
[WhiteElo "2200"]
[BlackElo "2371"]
[TimeControl "180+1"]
[EndTime "10:29:02 PDT"]
[Termination "quesfr won by resignation"]

1. e4 e6 2. d4 d5 3. exd5 exd5 4. Nf3 Nf6 5. Bd3 Be7 6. O-O O-O 7. h3 c5 8. c3 Nc6 9. Bf4 c4 10. Bc2 b5 11. Re1 a5 12. Nbd2 b4 13. Nf1 bxc3 14. bxc3 Ba3 15. Rb1 h6 16. Ne3 Re8 17. Ne5 Bd7 18.
Qf3 Nxe5 19. dxe5 Ne4 20. Nxd5 Nc5 21. Nb6 Ra6 22. Nxd7 Qxd7 23. Rbd1 Qe6 24. Qd5 Qxd5 25. Rxd5 Ne6 26. Bd2 Bc5 27. Rb1 a4 28. Rb7 Ra5 29. Kf1 a3 30. Rdd7 Rf8 31. Bf5 Ra6 32. Bc1 h5 33. g4 hxg4 34. hxg4 g6 35. Be4 g5 36.
Bf5 Kg7 37. Bxe6 Rxe6 38. Bxg5 Rxe5 39. Bf4 Re4 40. Bg3 Kg6 41. Rdc7 Rxg4 42. Rxc5 f6 43. Rcc7 Rd8 44. Rg7+ Kf5 45. Rb5+ Ke6 46. Rxg4 1-0